 Dungeon Crawl Stone Soup version 0.18-a0-1014-g3bbf375 (webtiles) character file.

310 namelastname112 the Firebug (level 6, -11/45 HPs)
             Began as a Draconian Fire Elementalist on Jan 6, 2016.
             Mangled by an ogre
             ... wielding a +0 giant club
              (22 damage)
             ... on level 3 of the Dungeon.
             The game lasted 00:06:18 (3704 turns).

namelastname112 the Firebug (DrFE)                  Turns: 3704, Time: 00:06:18

Health: -11/45     AC:  7    Str: 11    XL:     6   Next: 17%
Magic:  11/11      EV: 12    Int: 17    God:
Gold:   141        SH:  0    Dex: 11    Spells: 2 memorised, 8 levels left

rFire  . . .     SeeInvis .     k - +2 dagger (venom)
rCold  . . .     Gourm    .     (armour unavailable)
rNeg   . . .     Faith    .     (no shield)
rPois  .         Spirit   .     (helmet restricted)
rElec  .         Dismiss  .     (no cloak)
rCorr  .         Reflect  .     (no gloves)
SustAt .         Harm     +     n - +0 pair of boots
MR     .....                    v - amulet of harm (curse)
Stlth  ++........               (no ring)
                                (no ring)

@: not resistant to hostile enchantments, unstealthy
A: unfitting armour, cold-blooded, AC +6
a: no special abilities


You were on level 3 of the Dungeon.
You were not hungry.

You visited 1 branch of the dungeon, and saw 4 of its levels.

You collected 141 gold pieces.

Inventory:

Hand Weapons
 k - a +2 dagger of venom (weapon)
Armour
 n - a +0 pair of boots (worn)
Jewellery
 v - a cursed amulet of harm (around neck)
Wands
 s - a wand of slowing (24/48)
Scrolls
 c - a scroll of random uselessness {unknown}
 i - 3 scrolls of teleportation {unknown}
 j - a scroll of remove curse {unknown}
 l - a scroll of fog {unknown}
 p - a scroll of noise {unknown}
 u - a scroll of enchant armour {unknown}
 w - 2 scrolls of identify {unknown}
Potions
 e - 2 potions of curing {unknown}
 m - 2 potions of heal wounds {unknown}
 o - 3 potions of flight {unknown}
 q - a potion of invisibility {unknown}
 t - a potion of agility {unknown}
Books
 a - a book of Flames

   Spells                             Type                      Level
   a - Flame Tongue                   Conjuration/Fire             1
   b - Throw Flame                    Conjuration/Fire             2
   c - Conjure Flame                  Conjuration/Fire             3
   d - Inner Flame                    Hexes/Fire                   3
   e - Sticky Flame                   Conjuration/Fire             4
   f - Fireball                       Conjuration/Fire             5
Comestibles
 b - 2 bread rations
 d - a slice of pizza
 f - 6 fruits
 g - 2 meat rations
 h - a royal jelly
 r - a beef jerky


   Skills:
 - Level 1.7 Dodging
 - Level 1.7 Stealth
 + Level 3.6 Spellcasting
 + Level 3.7 Conjurations
 + Level 4.7 Fire Magic


You had 8 spell levels left.
You knew the following spells:

 Your Spells              Type           Power        Failure   Level  Hunger
x - Conjure Flame         Conj/Fire      ###.....     10%         3    ###....
z - Flame Tongue          Conj/Fire      ###..        2%          1    None


Dungeon Overview and Level Annotations

Branches:
Dungeon (4/15)
 Temple: D:4-7

Altars:
Cheibriados
Elyvilon


Innate Abilities, Weirdness & Mutations

Your plain brown scales are hard (AC +6).
Your body does not fit into most forms of armour.
You are cold-blooded and may be slowed by cold attacks.


Message History

Aiming: Flame Tongue
Press: ? - help, Shift-Dir - straight line, f/p - orc
Aim: an orc, wielding a falchion and wearing a leather armour (moderately wounded)
The flame tongue hits the orc.
You kill the orc!
You hit the ogre.
The ogre is lightly wounded.
The ogre closely misses you.
You hit the ogre.
The ogre is poisoned.
The ogre is lightly wounded.
The ogre hits you with a giant club!
The ogre looks more healthy.
There is a stone staircase leading up here.
The ogre hits you with a giant club.
You climb upwards.
There is a stone staircase leading down here.
The ogre hits you with a giant club!
* * * LOW HITPOINT WARNING * * *
The ogre hits you with a giant club!!
You die...

#.#.##.........######.#.######
#.#..........................'
##.####........####.##.#####.##
#..............+...>...........
######.........#######.#####.##
#.............# #.....#.##
##............# #####'#...
#............# #.......
####....@....# #....###
#.....O...#####....# #
#...)........###..## #
#............# #..# #
#............# #..####
######.......# #......
#.......# #.##### #.......#
#...... #.......# #######


You could see an ogre.

Vanquished Creatures
  An orc wizard (D:4)
  Natasha (thrice) (D:2)
  9 adders
  2 gnolls (D:3)
  A worm (D:3)
  4 giant geckos
  10 orcs
  8 giant cockroaches
  9 goblins
  8 hobgoblins
  4 jackals (D:3)
  A quokka (D:2)
  A ball python (D:3)
  9 bats
  3 giant newts
  14 kobolds
  10 rats
97 creatures vanquished.

Notes
Turn   | Place    | Note
--------------------------------------------------------------
     0 | D:1      | namelastname112 the Draconian Fire Elementalist began the quest for the Orb.
     0 | D:1      | Reached XP level 1. HP: 14/14 MP: 3/3
   386 | D:1      | Reached XP level 2. HP: 18/20 MP: 0/5
   761 | D:1      | Reached XP level 3. HP: 26/26 MP: 3/6
  1640 | D:2      | Found a white marble altar of Elyvilon.
  1688 | D:2      | Noticed Natasha
  1696 | D:2      | Killed Natasha
  1696 | D:2      | Reached skill level 4 in Fire Magic
  1696 | D:2      | Reached XP level 4. HP: 30/33 MP: 5/8
  1947 | D:2      | Noticed Natasha
  1952 | D:2      | Killed Natasha
  2307 | D:3      | Reached XP level 5. HP: 38/38 MP: 9/9
  2363 | D:3      | Found a snail-covered altar of Cheibriados.
  3273 | D:2      | Noticed Natasha
  3282 | D:2      | Killed Natasha
  3282 | D:2      | Reached XP level 6. HP: 20/45 MP: 7/11
  3646 | D:4      | Learned a level 3 spell: Conjure Flame
  3704 | D:3      | Mangled by an ogre

Vault maps used:
D:1:      dpeg_arrival_long_road
D:2:      elyvilon_altar_1, minmay_misc_feat_columns, uniq_natasha
D:3:      cheibriados_altar_wand_db
D:4:      lightli_temple_of_fire, marbit_many_paths

Action                   |  1- 3 |  4- 6 || total
-------------------------+-------+-------++-------
Melee: Short sword       |    32 |       ||    32
       Unarmed           |     2 |       ||     2
       Dagger            |    23 |   114 ||   137
 Cast: Flame Tongue      |    33 |    48 ||    81
 Stab: Sleeping          |     3 |     1 ||     4
  Eat: Chunk             |     2 |     7 ||     9
